 Dungeon Crawl Stone Soup version 0.31.0 (webtiles) character file.

Game seed: 7797082800578351024

1556 qw the Skirmisher (level 8, -3/49 HPs)
             Began as a Gargoyle Hunter on Jan 20, 2024.
             Slain by a two-headed ogre
             ... wielding a +0 giant club
              (24 damage)
             ... on level 6 of the Dungeon.
             The game lasted 00:00:20 (3738 turns).

qw the Skirmisher (Gargoyle Hunter)                 Turns: 3738, Time: 00:00:20

Health: -3/49      AC: 19    Str: 15    XL:     8   Next: 88%
Magic:  8/8        EV: 11    Int: 14    God:
Gold:   251        SH:  0    Dex: 15    Spells: 7/7 levels left

rFire   . . .        a - +0 shortbow (flame)
rCold   . . .        (shield currently unavailable)
rNeg    + . .        l - +0 ring mail of Yphyibant {Int+4}
rPois   inf          (no helmet)
rElec   +            h - +0 cloak
rCorr   .            f - +2 pair of gloves
SInv    .            m - +2 pair of boots
Will    .....        (no amulet)
Stlth   +            i - +4 ring of slaying {mikee}
HPRegen 0.28/turn    (no ring)
MPRegen 0.11/turn

%: no passive effects
@: no status effects
A: sickness immunity, AC +5, negative energy resistance 1, electricity
resistance, torment resistance 1, petrification resistance
a: no special abilities


You were on level 6 of the Dungeon.
You visited 1 branch of the dungeon, and saw 6 of its levels.

You collected 251 gold pieces.


Innate Abilities, Weirdness & Mutations

You are immune to sickness and miasma.
Your stone body is resilient. (AC +5)
You are immune to poison.
You resist negative energy. (rN+)
You are resistant to electric shocks. (rElec)
You are resistant to unholy torment.
You are immune to petrification.


   Skills:
 - Level 5.1 Fighting
 + Level 8.8 Ranged Weapons
 - Level 6.3 Armour
 - Level 2.1 Dodging
 - Level 1.1 Stealth


You had 7 spell levels left.
You didn't know any spells.
Your spell library was empty.

Inventory:

Hand Weapons
 a - a +0 shortbow of flaming (weapon)
Armour
 f - a +2 pair of gloves (worn)
 h - a +0 cloak (worn)
 l - the +0 ring mail of Yphyibant (worn) {Int+4}
   (You found it on level 5 of the Dungeon)

   Int+4:     It affects your intelligence (+4).
 m - a +2 pair of boots (worn)
Jewellery
 b - a ring of fire
 i - a +4 ring of slaying (left hand) {mikee}
Wands
 j - a wand of iceblast (16)
Scrolls
 n - 2 scrolls of teleportation
Potions
 d - a potion of haste
 e - a potion of resistance {unknown}
 g - 4 potions of curing
 o - a potion of heal wounds {unknown}

Dungeon Overview and Level Annotations

Branches:
Dungeon (6/15)
 Temple: D:4-7

Altars:


Message History

The two-headed ogre is lightly wounded.
You shoot an arrow.
The arrow hits the two-headed ogre but does no damage.
The two-headed ogre is lightly wounded.
You shoot an arrow.
The arrow completely misses the two-headed ogre.
You shoot an arrow. The arrow hits the two-headed ogre.
The arrow burns the two-headed ogre.
The two-headed ogre is lightly wounded.
You shoot an arrow. The arrow hits the two-headed ogre.
The arrow burns the two-headed ogre.
The two-headed ogre is moderately wounded.
You shoot an arrow.
The arrow hits the two-headed ogre but does no damage.
The two-headed ogre is moderately wounded.
The two-headed ogre closely misses you. x2
You shoot an arrow. The arrow hits the two-headed ogre!
The arrow burns the two-headed ogre.
The two-headed ogre is heavily wounded.
The two-headed ogre barely misses you.
The two-headed ogre hits you with a +1 dire flail of protection!
You shoot an arrow.
The arrow barely misses the two-headed ogre.
You shoot an arrow.
The arrow hits the two-headed ogre but does no damage.
The two-headed ogre is heavily wounded.
The two-headed ogre hits you with a +0 giant club.
The two-headed ogre hits you with a +1 dire flail of protection.
You shoot an arrow. The arrow hits the two-headed ogre.
The arrow burns the two-headed ogre.
The two-headed ogre is heavily wounded.
The two-headed ogre hits you with a +0 giant club!
The two-headed ogre hits you with a +1 dire flail of protection.
You shoot an arrow.
The arrow barely misses the two-headed ogre.
You shoot an arrow. The arrow hits the two-headed ogre!
The arrow burns the two-headed ogre.
The two-headed ogre is severely wounded.
The two-headed ogre hits you with a +0 giant club!!
You die...

.# .# .# .. .#
.#
#.######.######
#......@.......
#.#####O.######
....# >#...#
#.#...# # #...#
#...# #...#


You could see a two-headed ogre.

Vanquished Creatures
  Pikel (D:4)
  Sigmund (D:4)
  A water moccasin (D:5)
  An ogre (D:5)
  A phantom (D:4)
  A lemure (D:4)
  Blork the orc (D:5)
  A bullfrog (D:6)
  A gnoll sergeant (D:6)
  A bombardier beetle (D:5)
  4 hounds (D:5)
  2 orc priests (D:4)
  Jessica (D:2)
  An orc wizard (D:3)
  An iguana (D:5)
  A sleepcap (D:5)
  6 gnolls
  2 adders
  3 dart slugs
  3 ribbon worms (D:2)
  7 orcs
  3 ball pythons
  8 endoplasms
  3 giant cockroaches
  7 goblins
  2 hobgoblins
  7 jackals
  8 kobolds
  9 quokkas
  4 bats
  2 frilled lizards (D:3)
  6 rats
100 creatures vanquished.

Notes
Turn   | Place    | Note
-------+----------+-------------------------------------------
     0 | D:1      | qw the Gargoyle Hunter began the quest for the Orb.
     0 | D:1      | Reached XP level 1. HP: 12/12 MP: 1/1
     0 | D:1      | 0 ||| qw: Version: 0.3-a-132-g3d54051
     0 | D:1      | 0 ||| qw: Game counter: 442
     0 | D:1      | 0 ||| qw: Melee chars always use a shield: true
     0 | D:1      | 0 ||| qw: God list: Okawaru
     0 | D:1      | 0 ||| qw: Allow faded altars: false
     0 | D:1      | 0 ||| qw: Do Orc after clearing Dungeon:15 true
     0 | D:1      | 0 ||| qw: Do second Lair branch before Depths: true
     0 | D:1      | 0 ||| qw: Lair rune preference: random
     0 | D:1      | 0 ||| qw: Goals: Normal
     0 | D:1      | 0 ||| PLANNING D:1-11
    56 | D:1      | Reached XP level 2. HP: 16/17 MP: 2/2
   248 | D:1      | Reached XP level 3. HP: 21/21 MP: 3/3
   277 | D:1      | Reached skill level 5 in Ranged Weapons
   621 | D:1      | 621 ||| DROPPING ring of flight.
   622 | D:1      | 622 ||| READING scroll labelled PIOKHL WOCH.
   625 | D:1      | 625 ||| READING scroll labelled SENETE ASUNK.
   626 | D:1      | 626 ||| READING scroll labelled MESTRE QASAEQ.
   626 | D:1      | 626 ||| BRANDING +0 shortbow.
   627 | D:1      | 627 ||| DROPPING scroll of butterflies.
   648 | D:2      | 648 ||| STAIRDANCE
   758 | D:2      | Noticed Jessica
   763 | D:2      | Killed Jessica
   764 | D:2      | Reached skill level 3 in Fighting
   764 | D:2      | Reached XP level 4. HP: 22/28 MP: 4/4
   764 | D:2      | 764 ||| FLEEEEING.
   841 | D:2      | 841 ||| FLEEEEING.
  1156 | D:2      | 1156 ||| FLEEEEING.
  1363 | D:2      | 1363 ||| UPGRADING to +0 pair of gloves.
  1368 | D:2      | 1368 ||| READING scroll labelled IMEINE DOETO.
  1369 | D:2      | 1369 ||| READING 2 scrolls labelled VOGAGHACOTH.
  1369 | D:2      | 1369 ||| IDENTIFYING sedimented grey potion
  1370 | D:2      | 1370 ||| READING scroll of identify.
  1370 | D:2      | 1370 ||| IDENTIFYING white potion
  1371 | D:2      | 1371 ||| READING scroll labelled ECVULUVOLL.
  1472 | D:2      | 1472 ||| DRINKING 2 bubbling yellow potions.
  1488 | D:2      | 1488 ||| DROPPING potion of lignification.
  1489 | D:2      | 1489 ||| DROPPING potion of berserk rage.
  1707 | D:3      | Identified the +6 dagger of Eternal Vigilance {heavy,
                  | Dex+5}
  1748 | D:3      | Reached XP level 5. HP: 32/32 MP: 5/5
  1887 | D:3      | 1887 ||| FLEEEEING.
  1893 | D:3      | 1893 ||| STAIRDANCE
  1932 | D:2      | 1932 ||| UPGRADING to +0 cloak.
  1937 | D:2      | 1937 ||| UPGRADING to +4 ring of slaying {mikee}.
  1938 | D:2      | 1938 ||| READING scroll of identify.
  1938 | D:2      | 1938 ||| IDENTIFYING ruby potion
  1939 | D:2      | 1939 ||| READING scroll labelled VIRISIX GAROAQ.
  1940 | D:2      | 1940 ||| READING scroll labelled CASCHE CESCHI.
  1941 | D:2      | 1941 ||| DRINKING 2 bubbling silvery potions.
  1942 | D:2      | 1942 ||| DROPPING potion of degeneration.
  2159 | D:4      | Noticed Pikel
  2159 | D:4      | Noticed a lemure
  2159 | D:4      | Noticed a lemure
  2159 | D:4      | Noticed a lemure
  2160 | D:4      | 2160 ||| RETREEEEATING.
  2160 | D:4      | Noticed a lemure
  2161 | D:4      | 2161 ||| RETREEEEATING.
  2162 | D:4      | 2162 ||| RETREEEEATING.
  2176 | D:4      | HP: 7/32 [Pikel/+0 whip of freezing (2)]
  2178 | D:4      | Killed a lemure
  2182 | D:4      | Killed Pikel
  2183 | D:4      | Reached skill level 6 in Armour
  2183 | D:4      | Reached XP level 6. HP: 9/37 MP: 6/6
  2183 | D:4      | Reached XP level 7. HP: 10/41 MP: 7/7
  2183 | D:4      | 2183 ||| FLEEEEING.
  2381 | D:4      | Noticed Sigmund
  2384 | D:4      | Reached skill level 6 in Ranged Weapons
  2387 | D:4      | 2387 ||| RETREEEEATING.
  2390 | D:4      | Killed Sigmund
  2391 | D:4      | 2391 ||| FLEEEEING.
  2392 | D:4      | 2392 ||| FLEEEEING.
  2393 | D:4      | 2393 ||| FLEEEEING.
  2394 | D:4      | 2394 ||| FLEEEEING.
  2395 | D:4      | 2395 ||| FLEEEEING.
  2396 | D:4      | 2396 ||| FLEEEEING.
  2397 | D:4      | 2397 ||| FLEEEEING.
  2399 | D:4      | 2399 ||| FLEEEEING.
  2400 | D:4      | 2400 ||| FLEEEEING.
  2401 | D:4      | 2401 ||| FLEEEEING.
  2406 | D:4      | Reached XP level 8. HP: 46/49 MP: 8/8
  2782 | D:4      | 2782 ||| FLEEEEING.
  2783 | D:4      | 2783 ||| FLEEEEING.
  2784 | D:4      | 2784 ||| FLEEEEING.
  2789 | D:4      | 2789 ||| FLEEEEING.
  2790 | D:4      | 2790 ||| FLEEEEING.
  2791 | D:4      | 2791 ||| FLEEEEING.
  2792 | D:4      | 2792 ||| FLEEEEING.
  2793 | D:4      | 2793 ||| FLEEEEING.
  2794 | D:4      | 2794 ||| FLEEEEING.
  2795 | D:4      | 2795 ||| FLEEEEING.
  2796 | D:4      | 2796 ||| FLEEEEING.
  2797 | D:4      | 2797 ||| FLEEEEING.
  2802 | D:4      | 2802 ||| FLEEEEING.
  2803 | D:4      | 2803 ||| FLEEEEING.
  2807 | D:4      | 2807 ||| FLEEEEING.
  2808 | D:4      | 2808 ||| FLEEEEING.
  2814 | D:4      | 2814 ||| FLEEEEING.
  2820 | D:4      | 2820 ||| FLEEEEING.
  2821 | D:4      | 2821 ||| FLEEEEING.
  2822 | D:4      | 2822 ||| FLEEEEING.
  2823 | D:4      | 2823 ||| FLEEEEING.
  2824 | D:4      | 2824 ||| FLEEEEING.
  2832 | D:4      | 2832 ||| STAIRDANCE
  2963 | D:5      | Entered Level 5 of the Dungeon
  2968 | D:5      | Reached skill level 7 in Ranged Weapons
  3000 | D:5      | Identified the +0 ring mail of Yphyibant {Int+4}
  3300 | D:5      | Noticed Blork the orc
  3306 | D:5      | Killed Blork the orc
  3307 | D:5      | 3307 ||| FLEEEEING.
  3309 | D:5      | 3309 ||| STAIRDANCE
  3351 | D:4      | 3351 ||| UPGRADING to +0 ring mail of Yphyibant {Int+4}.
  3361 | D:4      | 3361 ||| DROPPING +0 leather armour.
  3362 | D:4      | 3362 ||| UPGRADING to +2 pair of boots.
  3367 | D:4      | 3367 ||| READING scroll of identify.
  3367 | D:4      | 3367 ||| IDENTIFYING silvery potion
  3368 | D:4      | 3368 ||| DROPPING potion of attraction.
  3440 | D:5      | Reached skill level 8 in Ranged Weapons
  3536 | D:5      | 3536 ||| READING scroll labelled IFAURUFELOOP.
  3536 | D:5      | 3536 ||| ENCHANTING +0 pair of gloves.
  3611 | D:6      | 3611 ||| READING scroll of enchant armour.
  3611 | D:6      | 3611 ||| ENCHANTING +1 pair of gloves.
  3650 | D:6      | 3650 ||| FLEEEEING.
  3651 | D:6      | 3651 ||| FLEEEEING.
  3652 | D:6      | 3652 ||| FLEEEEING.
  3653 | D:6      | 3653 ||| FLEEEEING.
  3654 | D:6      | 3654 ||| FLEEEEING.
  3655 | D:6      | 3655 ||| FLEEEEING.
  3656 | D:6      | 3656 ||| FLEEEEING.
  3657 | D:6      | 3657 ||| FLEEEEING.
  3658 | D:6      | 3658 ||| FLEEEEING.
  3659 | D:6      | 3659 ||| FLEEEEING.
  3660 | D:6      | 3660 ||| FLEEEEING.
  3661 | D:6      | 3661 ||| FLEEEEING.
  3662 | D:6      | 3662 ||| FLEEEEING.
  3663 | D:6      | 3663 ||| FLEEEEING.
  3664 | D:6      | 3664 ||| FLEEEEING.
  3665 | D:6      | 3665 ||| FLEEEEING.
  3666 | D:6      | 3666 ||| FLEEEEING.
  3667 | D:6      | 3667 ||| FLEEEEING.
  3668 | D:6      | 3668 ||| FLEEEEING.
  3669 | D:6      | 3669 ||| FLEEEEING.
  3670 | D:6      | 3670 ||| FLEEEEING.
  3671 | D:6      | 3671 ||| FLEEEEING.
  3672 | D:6      | 3672 ||| FLEEEEING.
  3673 | D:6      | 3673 ||| FLEEEEING.
  3674 | D:6      | 3674 ||| FLEEEEING.
  3675 | D:6      | 3675 ||| FLEEEEING.
  3676 | D:6      | 3676 ||| FLEEEEING.
  3677 | D:6      | 3677 ||| FLEEEEING.
  3678 | D:6      | 3678 ||| FLEEEEING.
  3679 | D:6      | 3679 ||| FLEEEEING.
  3680 | D:6      | 3680 ||| FLEEEEING.
  3681 | D:6      | 3681 ||| FLEEEEING.
  3682 | D:6      | 3682 ||| STAIRDANCE
  3691 | D:5      | 3691 ||| STAIRDANCE
  3718 | D:4      | 3718 ||| READING scroll labelled KUCZYI MEWIKKIT.
  3726 | D:6      | Noticed a two-headed ogre
  3738 | D:6      | Slain by a two-headed ogre

Levels and vault maps discovered:
D:1:      dpeg_arrival_renting, layout_basic
D:2:      layout_loops_ring, corexii_item_surrounded_by_moat, uniq_jessica
D:3:      layout_basic
D:4:      layout_loops_ring, uniq_pikel, uniq_sigmund
D:5:      layout_layer_cave, uniq_blork_the_orc
D:6:      layout_basic, minmay_temple_entry_overgrown

Skill      XL: |  1  2  3  4  5  6  7  8 |
---------------+-------------------------+-----
Ranged Weapons | 5 6 8 |  8.8
Fighting       | 3 5 |  5.1
Armour         | 6 |  6.3
Dodging        | 2 |  2.1
Stealth        | |  1.1

Action                     |  1- 3 |  4- 6 |  7- 9 || total
---------------------------+-------+-------+-------++-------
   Fire: Shortbow          |   117 |   102 |   137 ||   356
    Use: Scroll            |     3 |     7 |     4 ||    14
         Potion            |       |     2 |       ||     2
 Armour: Leather armour    |    38 |    40 |     9 ||    87
         Ring mail         |       |       |    16 ||    16
  Dodge: Dodged            |    36 |    24 |    24 ||    84

Table legend:
 A = Non-vault XP
 B = Vault XP
 C = Vault XP percentage of total XP
 D = Non-vault monster count
 E = Vault monster count
 F = Vault count percentage of total count
                 A         B        C        D         E       F
            +---------+---------+-------+---------+---------+-------
      Total |    1211 |    1013 |  45.5 |      95 |       4 |   4.0
            +---------+---------+-------+---------+---------+-------
        D:1 |      64 |       0 |   0.0 |      29 |       0 |   0.0
        D:2 |      33 |      37 |  52.9 |      14 |       1 |   6.7
        D:3 |      78 |       0 |   0.0 |      18 |       0 |   0.0
        D:4 |     272 |     882 |  76.4 |      18 |       2 |  10.0
        D:5 |     558 |      94 |  14.4 |      11 |       1 |   8.3
        D:6 |     206 |       0 |   0.0 |       5 |       0 |   0.0
            +---------+---------+-------+---------+---------+-------
